 Dungeon Crawl Stone Soup version 0.22.0 (webtiles) character file.

2247 Kirk the Martial Artist (level 9, -1/62 HPs)
             Began as a Demonspawn Gladiator on Aug 11, 2018.
             Slain by a worker ant (3 damage)
             ... on level 8 of the Dungeon.
             The game lasted 00:17:22 (7900 turns).

Kirk the Martial Artist (Demonspawn Gladiator)      Turns: 7900, Time: 00:17:22

Health: -1/62      AC:  6    Str: 15    XL:     9   Next: 15%
Magic:  0/8        EV: 12    Int: 12    God:
Gold:   421        SH:  0    Dex: 15    Spells: 8/8 levels left

rFire    . . .     SeeInvis .     - Unarmed
rCold    . . .     Gourm    .   (no shield)
rNeg     . . .     Faith    .   q - +0 ring mail
rPois    .         Spirit   +   i - +0 hat
rElec    .         Reflect  .   g - scarf {Spirit}
rCorr    .         Harm     .   (no gloves)
MR       .....                  h - +0 pair of boots
Stlth    +.........             (no amulet)
HPRegen  0.20/turn              (no ring)
MPRegen  0.11/turn              (no ring)

@: no status effects
A: antennae 1, claws 2, hooves 1, low mp 1, powered by pain 2
a: no special abilities


You were on level 8 of the Dungeon.
You were very hungry.

You visited 1 branch of the dungeon, and saw 8 of its levels.

You collected 421 gold pieces.

Inventory:

Hand Weapons
 a - a +1 war axe
Missiles
 d - 3 throwing nets (quivered)
 l - 3 javelins
Armour
 b - a +2 helmet
 g - a scarf of spirit shield (worn)
 h - a +0 pair of boots (worn)
 i - a +0 hat (worn)
 q - a +0 ring mail (worn)
Wands
 k - a wand of clouds (2)
 r - a wand of random effects (16)
Scrolls
 c - 2 scrolls of identify
 e - 4 scrolls of teleportation
 m - 2 scrolls of fog
 p - 2 scrolls of enchant armour
 u - 5 scrolls of remove curse
Potions
 n - 4 potions of brilliance
 t - a potion of cancellation
Comestibles
 f - 11 rations


   Skills:
 - Level 2.5 Fighting
 - Level 4.9 Axes
 - Level 1.7 Throwing
 - Level 1.4 Armour
 - Level 2.6 Dodging
 + Level 10.0 Unarmed Combat


You had 8 spell levels left.
You didn't know any spells.
Your spell library was empty.

Dungeon Overview and Level Annotations

Branches:
Dungeon (8/15)             Temple (0/1) D:7
   Lair: D:8-11

Altars:
Fedhas
Hepliaklqana
The Shining One

Annotations:
D:6 Grinder
D:7 4 runed doors, Dwachs's ghost, novice DsFi
D:8 Grum


Innate Abilities, Weirdness & Mutations

You have a pair of small antennae on your head.
You have very sharp fingernails.
You have large cloven feet.
You sometimes gain power by taking damage.
Your magical capacity is low. (-10% MP)


Message History

The worker ant closely misses you. Grum hits you from afar with a halberd!
* * * LOW HITPOINT WARNING * * *
Grum hits you with a halberd.
* * * LOW HITPOINT WARNING * * *
You scratch Grum but do no damage. The worker ant barely misses you.
You claw Grum!
Grum is moderately wounded.
Grum hits you with a halberd.
* * * LOW HITPOINT WARNING * * *
The worker ant waves its antennae.
The worker ant bites you.
* * * LOW HITPOINT WARNING * * *
You closely miss Grum.
Grum is moderately wounded.
The worker ant bites you. Grum hits you with a halberd!
* * * LOW HITPOINT WARNING * * *
Your ring mail prevents you from hitting Grum.
Grum is moderately wounded.
The worker ant bites you.
You die...

### . #.. { ...
#.########.....
#.##hg@a...#
#######.#.W#######
)..........{.....
####....########
#.....## #..$..#
##.....# #.<....#
#.....###


You could see Grum, a hungry ghost, a wolf and a worker ant.

Vanquished Creatures
  Eustachio (D:4)
  A hungry ghost (D:6)
  Edmund (D:6)
  2 orc warriors (D:6)
  2 phantoms
  An ice beast (D:6)
  A wolf (D:8)
  2 ogres (D:7)
  A centaur (D:6)
  5 bullfrogs
  A scorpion (D:7)
  A crimson imp (D:6)
  2 bullfrog zombies (D:6)
  A hound (D:4)
  2 orc priests
  6 orc wizards (D:7)
  Jessica (D:2)
  3 iguanas
  2 worker ants
  Robin (D:2)
  3 gnolls (D:6)
  4 adders
  2 shadow imps
  An adder zombie (D:6)
  7 worms
  4 leopard geckos
  19 orcs
  5 bats (D:2)
  6 giant cockroaches
  12 goblins
  5 hobgoblins
  6 jackals
  3 quokkas
  A ball python (D:3)
  A frilled lizard (D:3)
  7 kobolds
  10 rats
133 creatures vanquished.

Notes
Turn   | Place    | Note
-------+----------+-------------------------------------------
     0 | D:1      | Kirk the Demonspawn Gladiator began the quest for the Orb.
     0 | D:1      | Reached XP level 1. HP: 16/16 MP: 1/1
   764 | D:1      | Gained mutation: You sometimes gain a little power by taking damage. [demonic ancestry]
   764 | D:1      | Reached XP level 2. HP: 20/22 MP: 2/2
  1165 | D:2      | Noticed Jessica
  1174 | D:2      | Killed Jessica
  1174 | D:2      | Reached XP level 3. HP: 13/27 MP: 1/3
  1432 | D:2      | Found a faded altar of an unknown god.
  1434 | D:2      | Noticed Robin
  1598 | D:1      | Gained mutation: You sometimes gain power by taking damage. [demonic ancestry]
  1598 | D:1      | Reached XP level 4. HP: 12/33 MP: 4/4
  1842 | D:2      | Reached skill level 1 in Armour
  2264 | D:2      | Killed Robin
  2847 | D:3      | Gained mutation: You have sharp fingernails. [demonic ancestry]
  2847 | D:3      | Reached XP level 5. HP: 39/39 MP: 5/5
  3394 | D:4      | Noticed Eustachio
  3426 | D:4      | Killed Eustachio
  3426 | D:4      | Reached skill level 3 in Unarmed Combat
  3426 | D:4      | Reached XP level 6. HP: 30/46 MP: 4/6
  4101 | D:5      | Entered Level 5 of the Dungeon
  4145 | D:5      | Gained mutation: Your magical capacity is low. (-10% MP) [potion of mutation]
  4145 | D:5      | Gained mutation: You have a pair of small antennae on your head. [potion of mutation]
  4239 | D:5      | Found a glowing golden altar of the Shining One.
  4384 | D:5      | Reached skill level 4 in Unarmed Combat
  4509 | D:5      | Found a hazy altar of Hepliaklqana.
  4510 | D:5      | Found a blossoming altar of Fedhas.
  4631 | D:6      | Noticed an ice beast
  4642 | D:6      | Killed an ice beast
  4642 | D:6      | Reached skill level 5 in Unarmed Combat
  4642 | D:6      | Gained mutation: You have large cloven feet. [demonic ancestry]
  4642 | D:6      | Reached XP level 7. HP: 8/51 MP: 0/6
  5457 | D:6      | Noticed Edmund
  5475 | D:6      | Killed Edmund
  5475 | D:6      | Reached skill level 6 in Unarmed Combat
  5837 | D:6      | Gained mutation: You have very sharp fingernails. [demonic ancestry]
  5837 | D:6      | Reached XP level 8. HP: 54/57 MP: 7/7
  5839 | D:6      | Reached skill level 7 in Unarmed Combat
  6259 | D:6      | Noticed Grinder
  6407 | D:7      | Reached skill level 8 in Unarmed Combat
  6658 | D:6      | Reached skill level 9 in Unarmed Combat
  6786 | D:7      | Found a runed gate.
  6787 | D:7      | Found a runed gate.
  6795 | D:7      | Found a runed gate.
  7028 | D:7      | Noticed Dwachs's ghost (novice DsFi)
  7059 | D:7      | Found a staircase to the Ecumenical Temple.
  7298 | D:7      | Mutation became permanent: You have a pair of small antennae on your head. [demonic ancestry]
  7298 | D:7      | Gained mutation: You have a pair of small antennae on your head. [demonic ancestry]
  7298 | D:7      | Reached XP level 9. HP: 51/62 MP: 5/8
  7409 | D:7      | Found a runed door.
  7823 | D:8      | Noticed Grum
  7895 | D:8      | Reached skill level 10 in Unarmed Combat
  7899 | D:8      | HP: 1/62 [Grum/halberd (7)]
  7900 | D:8      | Slain by a worker ant

Skill      XL: |  1  2  3  4  5  6  7  8  9 |
---------------+----------------------------+-----
Axes           | 3 4 |  4.9
Armour         | 1 |  1.4
Unarmed Combat | 3 5 6 9 10 | 10.0
Fighting       | |  2.5
Throwing       | |  1.7
Dodging        | |  2.6

Action                   |  1- 3 |  4- 6 |  7- 9 || total
-------------------------+-------+-------+-------++-------
Melee: War axe           |    81 |   189 |    65 ||   335
       Punch             |       |     1 |     6 ||     7
       Unarmed           |       |       |   152 ||   152
Throw: Javelin           |       |     4 |       ||     4
       Throwing net      |       |       |     4 ||     4
Evoke: Wand              |       |       |     4 ||     4
  Use: Potion            |     3 |     3 |     5 ||    11
       Scroll            |       |    13 |     4 ||    17
 Stab: Sleeping          |     1 |       |       ||     1
       Held in net/web   |       |       |     1 ||     1
  Eat: Chunk             |     2 |     6 |     8 ||    16
       Ration            |       |     1 |     2 ||     3
Armor: Leather armour    |    18 |    18 |       ||    36
       Skin              |       |    32 |       ||    32
       Ring mail         |       |    77 |    61 ||   138
Dodge: Dodged            |    49 |   134 |   116 ||   299
